 Dungeon Crawl Stone Soup version 0.21-a0-369-g397cdb2 (webtiles) character file.

12525 theanonym the Fighter (level 11, -3/114 HPs)
             Began as a Gargoyle Berserker on Oct 15, 2017.
             Was a Priest of Trog.
             Slain by a large abomination (8 damage)
             ... on level 2 of the Abyss.
             The game lasted 00:32:35 (11296 turns).

theanonym the Fighter (Gargoyle Berserker)         Turns: 11296, Time: 00:32:35

Health: -3/114     AC: 25    Str: 26    XL:     11   Next: 94%
Magic:  11/11      EV:  2    Int:  4    God:    Trog [***...]
Gold:   551        SH:  5    Dex:  9    Spells: 10/10 levels left

rFire    + . .     SeeInvis .   T - +0 broad axe
rCold    . . .     Gourm    +   D - +1 buckler {rF+}
rNeg     + + +     Faith    .   (armour currently unavailable)
rPois    ∞         Spirit   .   (helmet currently unavailable)
rElec    .         Reflect  .   (cloak currently unavailable)
rCorr    .         Harm     .   (gloves currently unavailable)
MR       ++...     NoTele   +   (boots currently unavailable)
Stlth    +.........             z - amulet of the gourmand
HPRegen  1.29/turn              k - +1 ring of evasion
MPRegen  0.12/turn              m - +2 ring of strength

@: tree-form, berserk cooldown, regenerating, slowed, very slow
A: [blurry vision 3], [dopey 2], negative energy resistance 1, petrification
resistance, rot immunity, [MP-powered wands], AC +8
a: Berserk, Trog's Hand, Burn Spellbooks, Renounce Religion


You were on level 2 of the Abyss.
You worshipped Trog.
Trog was most pleased with you.
You were near starving.
You were a tree.
You visited 2 branches of the dungeon, and saw 12 of its levels.
You visited the Abyss 1 time.
You also visited: Sewer.

You collected 551 gold pieces.

Inventory:

Hand Weapons
 T - a +0 broad axe (weapon)
   (You found it on level 8 of the Dungeon)
Missiles
 i - 2 javelins (quivered)
 B - 3 tomahawks
Armour
 j - a +0 pair of boots (melded)
   (You found it on level 1 of the Dungeon)
 p - a +0 pair of gloves (melded)
   (You found it on level 2 of the Dungeon)
 D - a +1 buckler of fire resistance (worn)
   (You found it on level 2 of the Abyss)
 F - a +0 plate armour
   (You found it on level 7 of the Dungeon)
 I - a +0 chain mail of magic resistance (melded)
   (You found it on level 10 of the Dungeon)
Jewellery
 k - a +1 ring of evasion (left branch)
   (You found it on level 1 of the Dungeon)
 m - a +2 ring of strength (right branch)
   (You found it on level 9 of the Dungeon)
 z - an amulet of the gourmand (around neck)
   (You found it on level 5 of the Dungeon)
 Q - an uncursed ring of ice
   (You found it on level 8 of the Dungeon)
Wands
 w - a wand of polymorph (8/24)
   (You found it on level 3 of the Dungeon)
 H - a wand of digging (12/24)
   (You found it on level 6 of the Dungeon)
 J - a wand of flame (36/48)
   (You found it on level 7 of the Dungeon)
 M - a wand of enslavement (11/24)
   (You found it on level 8 of the Dungeon)
 N - a wand of confusion (29/48)
   (You found it on level 8 of the Dungeon)
 O - a wand of flame (15/48)
   (You took it off a big kobold on level 8 of the Dungeon)
Scrolls
 a - 2 scrolls of random uselessness {unknown}
 d - a scroll of fear {unknown}
 h - 9 scrolls of teleportation
 n - 3 scrolls of magic mapping
 r - 4 scrolls of identify
 x - 6 scrolls of remove curse
 y - 2 scrolls of fog {unknown}
 E - a scroll of immolation {unknown}
 K - 2 scrolls of enchant weapon {unknown}
 P - a scroll of brand weapon {unknown}
Potions
 b - a potion of haste {unknown}
 g - a potion of lignification
 q - 3 potions of flight {unknown}
 s - 8 potions of curing
 t - 3 potions of might {unknown}
 u - a potion of ambrosia {unknown}
 v - a potion of agility {unknown}
 A - a potion of invisibility
Miscellaneous
 S - a phial of floods
   (You found it on level 9 of the Dungeon)
Comestibles
 c - 8 bread rations
 e - 32 fruits
 l - a royal jelly
 C - 4 meat rations


   Skills:
 + Level 11.9 Fighting
 + Level 10.1 Axes
 + Level 11.6 Armour
 - Level 1.5 Dodging
 - Level 4.2 Shields


You had 10 spell levels left.
You didn't know any spells.

Dungeon Overview and Level Annotations

Branches:
Dungeon (11/15)            Temple (0/1) D:7            Lair (0/6) D:11
    Orc (1/2) D:10

Altars:
Elyvilon
Hepliaklqana
Makhleb
Nemelex Xobeh
Okawaru
Sif Muna
Trog
Uskayaw
Xom
Yredelemnul
Beogh

Shops:
Orc:1 (

Annotations:
D:9 exclusion: door
D:11 Sonja
Orc:1 theanonym's ghost, journeyman SpAs


Innate Abilities, Weirdness & Mutations

You are resistant to torment.
((Your stone body is resilient. (AC +8)))
You are immune to poison.
You resist negative energy. (rN+)
((You are resistant to electric shocks. (rElec)))
((You can survive without breathing.))
You are immune to petrification.
You are immune to rotting.
((Your flesh is heat resistant. (rF+)))
[Scrolls take you much longer to read.]
[You are very dopey. (Int -4)]
[You expend magic power (3 MP) to strengthen your wands.]


Message History

You take 3 damage, and have 42/76 hp.
You are suddenly pulled into a different region of the Abyss!
Unknown command.
Unknown command.
Unknown command.
You feel yourself speed up.
You're too hungry to rest.
You eat one of the 2 royal jellies.
That royal jelly was delicious!
You start resting.
You recover from your berserk rage.
You regained 2 hp, and now have 45/76 hp.
You start resting.
Your magical contamination has completely faded away.
You regained 2 hp, and now have 47/76 hp.
You start resting.
You regained 11 hp, and now have 58/76 hp.
MP restored: 11 You are feeling hungry.
Unknown command.
A thrashing horror comes into view.
You regained 11 hp, and now have 70/76 hp.
The thrashing horror completely misses you.
You block the thrashing horror's attack.
A red film seems to cover your vision as you go berserk!
You feel yourself moving faster!
You feel mighty!
You are feeling very hungry.
The thrashing horror tramples you.
You hold your ground!
The thrashing horror tramples you but does no damage.
You block the thrashing horror's attack.
The thrashing horror barely misses you.
You now have 102/114 hp.
You hit the thrashing horror.
You block the thrashing horror's attack.
The thrashing horror tramples you.
You hold your ground!
You take 2 damage, and have 100/114 hp.
You slice the thrashing horror!! The thrashing horror barely misses you.
The thrashing horror misses you.
The thrashing horror tramples you but does no damage.
The thrashing horror closely misses you.
You slice the thrashing horror!!
The thrashing horror churns violently!
The thrashing horror seems to grow stronger.
You barely miss the thrashing horror.
You block the thrashing horror's attack. x2
You slice the thrashing horror!!
You destroy the thrashing horror!
Trog accepts your kill.
You feel a strong urge to attack something.
You are no longer berserk.
You are exhausted.
You feel yourself slow down.
You now have 68/76 hp.
A wretched star comes into view.
You start resting.
A large abomination comes into view.
Unknown command.
The wretched star pulses with an eldritch light!
You feel your magical essence link to your wands.
The wretched star pulses with an eldritch light!
Your vision blurs. x2
An ancient zyme comes into view.
It was a potion of lignification.
You turn into a tree.
Your +0 pair of gloves melds into your body.
Your +0 pair of boots melds into your body.
Your +0 chain mail of magic resistance melds into your body.
You feel less resistant to hostile enchantments.
Your roots penetrate the ground.
You now have 104/114 hp.
You slice the wretched star!! The large abomination hits you!
You take 11 damage, and have 93/114 hp.
You slash the wretched star! You hit the large abomination.
The large abomination hits you!
The wretched star pulses with an eldritch light!
You feel stupid. x2
The large abomination hits you!
You take 24 damage, and have 69/114 hp.
MASSIVE DAMAGE!!
You barely miss the wretched star. You barely miss the large abomination.
You block the large abomination's attack.
You closely miss the wretched star. You hit the large abomination.
The large abomination hits you!!
* * * LOW HITPOINT WARNING * * *
The large abomination hits you!
* * * LOW HITPOINT WARNING * * *
You hear a shout!
You take 35 damage, and have 35/114 hp.
MASSIVE DAMAGE!!
Your skin crawls.
You feel resistant to hostile enchantments.
You are near starving!
The wretched star pulses with an eldritch light!
Your vision blurs.
The large abomination hits you!!
* * * LOW HITPOINT WARNING * * *
You take 16 damage, and have 19/114 hp.
You hit the wretched star but do no damage.
You hit the large abomination. The large abomination hits you!
* * * LOW HITPOINT WARNING * * *
The large abomination hits you!
You die...

## .. #
#..### .###
###..#
.#...# ...#
# .#.. ..#.
... .###..##
#x #.#.#
#*#..3##
###.♣.####
#...X.# #
#...##.#..##
........#..#
....##.#..##
#. ##.... ..
.#.### .


You could see a wretched star, an ancient zyme, a large abomination and a
neqoxec.

Vanquished Creatures
  2 two-headed ogres
  2 thrashing horrors (Abyss:2)
  A spatial maelstrom (Abyss:2)
  A shadow dragon zombie (Abyss:2)
  A manticore (D:11)
  An ancient zyme (Abyss:2)
  A troll (D:8)
  3 hippogriffs
  Sigmund (D:5)
  A shadow (D:11)
  4 yaks (D:10)
  A wyvern (D:6)
  Grum (D:8)
  2 spatial vortices (Abyss:2)
  Menkaure (D:6)
  A small abomination (Abyss:2)
  A water moccasin (D:7)
  2 porcupines (D:11)
  An orc warrior (D:10)
  3 sky beasts
  2 black bears
  An ice beast (D:9)
  A necrophage (D:6)
  5 wolves
  2 phantoms
  5 ogres
  4 centaurs
  3 big kobolds
  5 crocodiles (D:11)
  6 bullfrogs
  Blork the orc (D:6)
  A wyvern zombie (D:6)
  3 scorpions
  3 wights (D:10)
  12 howler monkeys
  2 crimson imps (D:8)
  A bullfrog zombie (D:5)
  7 orc wizards
  4 orc priests
  2 centaur skeletons
  5 hounds
  An iron imp (Abyss:2)
  3 jellies
  2 bullfrog skeletons
  Jessica (D:3)
  4 iguanas
  7 worker ants
  2 worker ant zombies
  19 adders
  5 gnolls (D:9)
  3 oozes
  An adder zombie (D:8)
  2 adder skeletons
  2 worms
  2 dart slugs (D:1)
  2 leopard geckos
  36 orcs
  8 bats
  5 giant cockroaches
  8 goblins
  6 hobgoblins
  5 jackals
  5 quokkas
  5 ball pythons
  8 frilled lizards
  25 kobolds
  A quokka zombie (D:7)
  4 rats
278 creatures vanquished.

Vanquished Creatures (collateral kills)
  A blink frog (shapeshifter) (Abyss:2)
  2 fire bats (Abyss:2)
  A chaos spawn (Abyss:2)
  A neqoxec (Abyss:2)
  3 hell hounds (Abyss:2)
  An eye of draining (Abyss:2)
9 creatures vanquished.

Vanquished Creatures (others)
  A quokka (D:10)
  3 plants (D:11)
4 creatures vanquished.

Grand Total: 291 creatures vanquished

Notes
Turn   | Place    | Note
-------+----------+-------------------------------------------
     0 | D:1      | theanonym the Gargoyle Berserker began the quest for the Orb.
     0 | D:1      | Reached XP level 1. HP: 14/14 MP: 1/1
   103 | D:1      | Reached XP level 2. HP: 15/19 MP: 2/2
   428 | D:1      | Reached skill level 3 in Axes
   789 | D:1      | Reached XP level 3. HP: 22/24 MP: 3/3
  1292 | D:2      | Reached skill level 3 in Armour
  1298 | D:2      | Reached skill level 4 in Fighting
  1298 | D:2      | Reached XP level 4. HP: 13/29 MP: 4/4
  1920 | D:2      | Reached ** piety under Trog
  2358 | D:3      | Reached XP level 5. HP: 21/34 MP: 5/5
  2468 | D:3      | Found a glowing drain.
  2527 | Sewer    | Entered a sewer
  2798 | Sewer    | Reached skill level 4 in Armour
  2901 | Sewer    | Noticed a big kobold
  2904 | Sewer    | Reached skill level 4 in Axes
  2917 | Sewer    | Killed a big kobold
  2917 | Sewer    | Reached skill level 5 in Fighting
  2917 | Sewer    | Reached XP level 6. HP: 38/40 MP: 6/6
  3369 | D:3      | Noticed Jessica
  3373 | D:3      | Killed Jessica
  3378 | D:3      | Reached *** piety under Trog
  3980 | D:4      | Reached skill level 5 in Armour
  3980 | D:4      | Reached XP level 7. HP: 44/44 MP: 7/7
  4273 | D:4      | Reached skill level 6 in Fighting
  4273 | D:4      | Reached skill level 5 in Axes
  4379 | D:5      | Entered Level 5 of the Dungeon
  4379 | D:5      | Noticed Sigmund
  4383 | D:5      | Killed Sigmund
  4438 | D:5      | Reached XP level 8. HP: 52/52 MP: 8/8
  4685 | D:5      | Reached skill level 6 in Armour
  5254 | D:5      | Reached skill level 7 in Fighting
  5581 | D:6      | Reached skill level 6 in Axes
  5627 | D:6      | Noticed a wyvern
  5635 | D:6      | Killed a wyvern
  5635 | D:6      | Reached skill level 7 in Armour
  5851 | D:6      | Reached XP level 9. HP: 49/59 MP: 9/9
  5886 | D:6      | Noticed Blork the orc
  5893 | D:6      | Killed Blork the orc
  5936 | D:6      | Noticed Menkaure
  5943 | D:6      | Killed Menkaure
  5943 | D:6      | Reached skill level 8 in Fighting
  6311 | D:6      | Reached **** piety under Trog
  6585 | D:7      | Found a staircase to the Ecumenical Temple.
  6617 | D:7      | Reached skill level 7 in Axes
  6617 | D:7      | Reached skill level 8 in Armour
  7145 | D:7      | Found a white marble altar of Elyvilon.
  7200 | D:7      | Found a bloodstained altar of Trog.
  7354 | D:7      | theanonym: ??axe
  7354 | D:7      | beem: axes[1/1]: (acc,dam,delay,mindelay) [hands]: hand axe (+3/7/1.3/0.6), war axe (+0/11/1.5/0.7), broad axe (-2/13/1.6/0.7), battleaxe (-4/15/1.7/0.7) [2], executioner's axe (-6/18/2.0/0.7) [2]. All axes {cleave} and chop hydra heads.
  7589 | D:7      | Reached skill level 9 in Fighting
  7663 | D:7      | Found a deep blue altar of Sif Muna.
  7874 | D:7      | Received a gift from Trog
  8022 | D:8      | Noticed a troll
  8027 | D:8      | Killed a troll
  8075 | D:8      | Reached XP level 10. HP: 62/66 MP: 10/10
  8079 | D:8      | Reached skill level 9 in Armour
  8332 | D:8      | Found a basalt altar of Yredelemnul.
  8373 | D:8      | Found a burning altar of Makhleb.
  8373 | D:8      | Found a shimmering altar of Xom.
  8376 | D:8      | Reached skill level 8 in Axes
  8426 | D:8      | Noticed Grum
  8431 | D:8      | Killed Grum
  8522 | D:8      | Found a hazy altar of Hepliaklqana.
  8612 | D:8      | Noticed a dagger
  8612 | D:8      | Noticed a hand axe
  8612 | D:8      | Found a hide-covered altar of Uskayaw.
  8692 | D:9      | Found the +2 Maxwell's thermic engine {flame, freeze, rF- rC-}
  8851 | D:9      | Reached skill level 10 in Fighting
  9445 | D:9      | Found an iron altar of Okawaru.
  9542 | D:10     | Entered Level 10 of the Dungeon
  9613 | D:10     | Reached skill level 10 in Armour
  9867 | D:10     | Found a sparkling altar of Nemelex Xobeh.
 10000 | D:10     | Found a staircase to the Orcish Mines.
 10022 | D:10     | Reached skill level 9 in Axes
 10079 | D:10     | Found a roughly hewn altar of Beogh.
 10081 | D:10     | Reached ***** piety under Trog
 10168 | D:10     | Noticed a two-headed ogre
 10179 | D:10     | Killed a two-headed ogre
 10179 | D:10     | Reached XP level 11. HP: 73/73 MP: 11/11
 10393 | Orc:1    | Entered Level 1 of the Orcish Mines
 10405 | Orc:1    | Found Qarukodd's Weapon Shoppe.
 10420 | Orc:1    | Noticed theanonym's ghost (journeyman SpAs)
 10492 | D:11     | Noticed a two-headed ogre
 10498 | D:11     | Killed a two-headed ogre
 10498 | D:11     | Reached skill level 11 in Fighting
 10566 | D:11     | Received a gift from Trog
 10578 | D:11     | Noticed Sonja
 10591 | D:11     | Reached skill level 11 in Armour
 10705 | D:11     | Noticed a manticore
 10725 | D:11     | Killed a manticore
 10801 | D:11     | Found a staircase to the Lair.
 10808 | D:11     | Cast into level 2 of the Abyss (Sonja)
 10871 | Abyss:2  | Noticed a spatial maelstrom
 10885 | Abyss:2  | Killed a spatial maelstrom
 10885 | Abyss:2  | Reached skill level 2 in Shields
 10958 | Abyss:2  | Noticed a thrashing horror
 10976 | Abyss:2  | Killed a thrashing horror
 10976 | Abyss:2  | Reached skill level 4 in Shields
 11049 | Abyss:2  | Reached skill level 10 in Axes
 11119 | Abyss:2  | Gained mutation: Your flesh is heat resistant. (rF+) [a neqoxec]
 11135 | Abyss:2  | HP: 4/76 [something (29)]
 11138 | Abyss:2  | Noticed a large abomination
 11275 | Abyss:2  | Noticed a thrashing horror
 11282 | Abyss:2  | Killed a thrashing horror
 11287 | Abyss:2  | Noticed a wretched star
 11296 | Abyss:2  | HP: 5/114 [large abomination (17)]
 11296 | Abyss:2  | Slain by a large abomination

Vault maps used:
D:1:      tarquinn_simple_flora_water_b, serial_bayou_lagoon_a, minmay_bisected
D:2:      item_on_display_a
D:3:      cheibrodos_sewer_entry_drain, uniq_jessica
D:4:      first_bread
D:5:      serial_bayou_pond_e, uniq_sigmund
D:6:      minmay_divided_ellipse, uniq_blork_the_orc, uniq_crazy_yiuf_cottage,
          uniq_menkaure
D:7:      tgw_sif, elyvilon_altar_4, kennysheep_little_box,
          minmay_temple_entry_large_hall, serial_aquarium,
          aquarium_bridge_square, aquarium_window_2, aquarium_window_corner,
          aquarium_window_2, aquarium_view_2e, aquarium_balcony_5a
D:8:      yredelemnul_altar_generic, lemuel_round_altar,
          dancing_weapons_uskayaw, grunt_temple_overflow_champion_of_chaos,
          blue_anna_alchemist, uniq_grum
D:9:      okawaru_altar_gauntlet_db, minmay_door_square
D:10:     minmay_orc_entry_temple_small, minmay_misc_feat_four_crosses,
          hangedman_glass_teeth, nemelex_altar_shiori
D:11:     minmay_lair_entry_grove, serial_shops, shop, uniq_sonja
Orc:1:    nicolae_orc_accident_3, serial_shops, nicolae_shop_crystal,
          basic_altar, uniq_erica, uniq_josephine, uniq_maurice
Sewer:    kennysheep_pipe_town

Skill      XL: |  1  2  3  4  5  6  7  8  9 10 11 |
---------------+----------------------------------+-----
Axes           | 3 4 5 6 7 9 10 | 10.1
Armour         | 3 4 5 7 8 10 11 | 11.6
Fighting       | 4 5 6 7 9 10 11 | 11.9
Shields        | 4 |  4.2
Dodging        | |  1.5

Action                   |  1- 3 |  4- 6 |  7- 9 | 10-12 || total
-------------------------+-------+-------+-------+-------++-------
Melee: Hand axe          |    91 |   244 |   292 |       ||   627
       War axe           |       |       |    94 |       ||    94
       Morningstar       |       |       |    13 |    63 ||    76
       Broad axe         |       |       |       |   372 ||   372
Throw: Javelin           |       |       |       |     2 ||     2
Invok: Berserk           |     1 |     5 |    10 |    15 ||    31
       Trog's Hand       |       |     1 |     5 |     8 ||    14
       Brothers in Arms  |       |       |       |     3 ||     3
  Use: Scroll            |       |     5 |     5 |     5 ||    15
       Potion            |       |       |     1 |     5 ||     6
 Stab: Sleeping          |     1 |       |       |       ||     1
  Eat: Chunk             |     1 |     9 |    36 |    12 ||    58
       Meat ration       |       |     1 |       |       ||     1
       Royal jelly       |       |     1 |       |     3 ||     4
Armor: Animal skin       |    23 |       |       |       ||    23
       Leather armour    |     3 |    81 |       |       ||    84
       Ring mail         |       |    32 |   123 |       ||   155
       Chain mail        |       |       |   112 |   346 ||   458
Dodge: Dodged            |    61 |   165 |   251 |   237 ||   714
Block: Buckler           |       |       |       |    34 ||    34

Table legend:
 A = Spawn XP
 B = Non-spawn XP
 C = Spawn XP percentage of total XP
 D = Spawn monster count
 E = Non-spawn monster count
 F = Spawn count percentage of total count
 G = Total turns spent on level
                    A         B        C        D         E        F      G
               +---------+---------+-------+---------+---------+-------+---------
         Total |    4645 |   13248 |  26.0 |      16 |     269 |   5.6 | 11296
               +---------+---------+-------+---------+---------+-------+---------
           D:1 |       0 |      36 |   0.0 |       0 |      21 |   0.0 |  1171
           D:2 |       0 |     125 |   0.0 |       0 |      26 |   0.0 |  1072
           D:3 |       0 |     184 |   0.0 |       0 |      24 |   0.0 |  1107
           D:4 |       0 |     381 |   0.0 |       0 |      12 |   0.0 |   419
           D:5 |       0 |     714 |   0.0 |       0 |      16 |   0.0 |  1030
           D:6 |       0 |    1245 |   0.0 |       0 |      23 |   0.0 |  1285
           D:7 |       0 |    1344 |   0.0 |       0 |      34 |   0.0 |  1313
           D:8 |       0 |    1311 |   0.0 |       0 |      15 |   0.0 |   743
           D:9 |       0 |    1421 |   0.0 |       0 |      25 |   0.0 |   792
          D:10 |       0 |    2858 |   0.0 |       0 |      28 |   0.0 |   953
          D:11 |       0 |    3386 |   0.0 |       0 |      21 |   0.0 |   222
       Abyss:2 |    4645 |       0 | 100.0 |      16 |       0 | 100.0 |   488
         Sewer |       0 |     243 |   0.0 |       0 |      24 |   0.0 |   610
               +---------+---------+-------+---------+---------+-------+---------
